 Dungeon Crawl Stone Soup version 0.23.2-40-g277498a001 (webtiles) character file.

Game seed: 5490427229854469162

589 MalarOregon the Conjurer (level 7, -9/52 HPs)
             Began as a Grey Draconian Conjurer on Sept 23, 2019.
             Was a Believer of Hepliaklqana.
             Splashed by Ijyb's acid (14 damage)
             ... on level 5 of the Dungeon.
             The game lasted 00:10:57 (5323 turns).

MalarOregon the Conjurer (Grey Draconian Conjurer)  Turns: 5323, Time: 00:10:58

Health: -9/52      AC:  4    Str: 10    XL:     7   Next: 15%
Magic:  4/12       EV: 13    Int: 18    God:    Hepliaklqana [**....]
Gold:   20         SH:  0    Dex: 11    Spells: 12/13 levels left

rFire    . . .     SeeInvis .   (no weapon)
rCold    . . .     Gourm    .   (no shield)
rNeg     . . .     Faith    .   (armour unavailable)
rPois    .         Spirit   .   (helmet restricted)
rElec    .         Reflect  .   d - +0 cloak
rCorr    .         Harm     .   (no gloves)
MR       .....                  (no boots)
Stlth    ++........             (no amulet)
HPRegen  0.17/turn              (no ring)
MPRegen  0.13/turn              (no ring)

@: corroded
A: walk through water, unfitting armour, reduced essence, unbreathing,
cold-blooded, AC +11
a: Ancestor Life: Knight, Ancestor Life: Battlemage, Ancestor Life: Hexer,
Recall Ancestor, Ancestor Identity, Renounce Religion


You were on level 5 of the Dungeon.
You worshipped Hepliaklqana.
Hepliaklqana was pleased with you.
You were hungry.

You visited 1 branch of the dungeon, and saw 5 of its levels.

You collected 189 gold pieces.
You spent 169 gold pieces at shops.

Inventory:

Armour
 d - a +0 cloak (worn)
   (You found it on level 1 of the Dungeon)
 z - a +0 pair of gloves
   (You found it on level 5 of the Dungeon)
Jewellery
 n - a cursed -2 ring of protection {unknown}
   (You found it on level 2 of the Dungeon)
 u - an uncursed ring of protection from magic {unknown}
   (You found it on level 3 of the Dungeon)
 y - an uncursed ring of protection from magic {unknown}
   (You found it on level 4 of the Dungeon)
Wands
 t - a wand of flame (30)
   (You found it on level 4 of the Dungeon)
Scrolls
 f - 6 scrolls of teleportation {unknown}
 g - 3 scrolls of immolation {!r}
 h - 7 scrolls of identify {@r1}
 i - a scroll of magic mapping {unknown}
 l - a scroll of noise {unknown}
 m - 2 scrolls of fog {unknown}
 o - 3 scrolls of remove curse {@r2}
 r - 2 scrolls of amnesia
 s - a scroll of random uselessness {unknown}
 w - a scroll of enchant weapon {unknown}
 x - a scroll of fear
Potions
 a - 4 potions of magic {unknown}
 b - a potion of mutation {unknown}
 c - a potion of berserk rage {unknown}
 j - a potion of might
 k - 2 potions of degeneration {unknown}
 p - a potion of flight {unknown}
 q - a potion of curing {@q1}
 v - 2 potions of resistance {unknown}
Comestibles
 e - 5 rations {!d}


   Skills:
 + Level 3.9 Fighting
 + Level 3.8 Dodging
 - Level 1.7 Stealth
 + Level 3.9 Spellcasting
 + Level 5.5 Conjurations


You had 12 spell levels left.
You knew the following spells:

 Your Spells              Type           Power        Failure   Level  Hunger
a - Magic Dart            Conj           ###.         1%          1    None

Your spell library contained the following spells:

 Spells                   Type           Power        Failure   Level  Hunger
 Searing Ray              Conj           ###...       2%          2    ##.....
 Dazzling Spray           Conj/Hex       ##....       14%         3    ###....
 Corona                   Hex            #......      16%         1    None
 Iskenderun's Mystic Bla  Conj           ###.....     16%         4    ####...
 Force Lance              Conj/Tloc      ##......     43%         4    ####...
 Fulminant Prism          Conj/Hex       ##........   43%         4    ####...


Dungeon Overview and Level Annotations

Branches:
Dungeon (5/15)
 Temple: D:4-7

Altars:
Ashenzari
Cheibriados
Dithmenos
Hepliaklqana
Sif Muna
Trog
Xom
Yredelemnul

Shops:
D:4 ?

Annotations:
D:4 3 runed translucent doors, fleurdelille's ghost, amateur HOMo; lepoulpe303's ghost, amateur DrTm
D:5 Dowan; Duvessa; Ijyb


Innate Abilities, Weirdness & Mutations

You can walk through water.
Your dull iron-grey scales are very hard. (AC +11)
You cannot fit into any form of body armour.
You can survive without breathing.
You are cold-blooded and may be slowed by cold attacks.
Your life essence is reduced to manifest your ancestor. (-10% HP)


Message History

Duvessa closely misses Hrodulf.
Something closely misses Hrodulf.
Hrodulf hits Duvessa.
Duvessa hits Hrodulf with a +0 rapier!
Hrodulf is destroyed!
Aim: Duvessa, wielding a +0 rapier and wearing a +0 leather armour (moderately wounded)
The magic dart hits Ijyb but does no damage.
Dowan's feet meld with the ground, briefly.
Ijyb zaps a wand.
The bolt of acid misses you.
Aim: Duvessa, wielding a +0 rapier and wearing a +0 leather armour (moderately wounded)
The magic dart hits Ijyb.
Dowan gestures wildly while chanting.
Dowan blinks!
Aim: Duvessa, wielding a +0 rapier and wearing a +0 leather armour (moderately wounded)
The magic dart hits Ijyb but does no damage.
Aim: Duvessa, wielding a +0 rapier and wearing a +0 leather armour (moderately wounded)
The magic dart hits Ijyb.
Ijyb barely misses you.
Aim: Duvessa, wielding a +0 rapier and wearing a +0 leather armour (moderately wounded)
The magic dart hits Ijyb but does no damage.
Ijyb barely misses you.
Aim: Duvessa, wielding a +0 rapier and wearing a +0 leather armour (moderately wounded)
The magic dart hits Ijyb but does no damage.
Ijyb hits you but does no damage.
Aim: Duvessa, wielding a +0 rapier and wearing a +0 leather armour (moderately wounded)
The magic dart hits Ijyb.
Ijyb zaps a wand.
The bolt of acid hits you. The acid corrodes you!
You are splashed with acid!
Aim: Duvessa, wielding a +0 rapier and wearing a +0 leather armour (moderately wounded)
The magic dart hits Ijyb but does no damage.
Ijyb hits you but does no damage.
Aim: Duvessa, wielding a +0 rapier and wearing a +0 leather armour (moderately wounded)
The magic dart hits Ijyb but does no damage.
Duvessa says, "My weaknesses are his strengths!"
Ijyb zaps a wand.
The bolt of acid hits you!
* * * LOW HITPOINT WARNING * * *
The acid corrodes you!
You are splashed with acid!
* * * LOW HITPOINT WARNING * * *
Dowan casts a spell.
Dowan blinks!
Ijyb zaps a wand.
The bolt of acid misses you.
Ijyb zaps a wand.
The bolt of acid misses you.
You see here 20 sling bullets.
Ijyb zaps a wand.
The bolt of acid hits you!
* * * LOW HITPOINT WARNING * * *
You are splashed with acid!
You die...

.... ...#
#..# ..
#..# ...
#..###..#
#.......#
##.<....#
#...#..##
#.@## ..#
###(.# ##
#....#
#.##.#
#g##.#
##a##.#
#§e##.#
#...###.#
##... .#


You could see Ijyb.

Vanquished Creatures
  A howler monkey (D:4)
  4 orc wizards
  Natasha (twice) (D:4)
  A worker ant (D:4)
  2 hound skeletons (D:4)
  2 gnolls (D:2)
  5 adders
  An ooze (D:2)
  5 worms
  8 dart slugs
  3 leopard geckos (D:1)
  9 orcs
  4 bats
  4 giant cockroaches
  19 goblins
  13 hobgoblins
  8 kobolds
  2 quokkas
  A ball python (D:1)
  6 frilled lizards
  14 rats
114 creatures vanquished.

Vanquished Creatures (collateral kills)
  A scorpion (D:4)
  An orc priest (D:3)
  Natasha (D:4)
  Robin (D:4)
  An adder (D:4)
  A worm (D:3)
  2 orcs (D:3)
  A rat (D:3)
9 creatures vanquished.

Vanquished Creatures (others)
  2 ancestors
2 creatures vanquished.

Grand Total: 125 creatures vanquished

Notes
Turn   | Place    | Note
-------+----------+-------------------------------------------
     0 | D:1      | MalarOregon the Draconian Conjurer began the quest for the
                  | Orb.
     0 | D:1      | Reached XP level 1. HP: 14/14 MP: 3/3
   239 | D:1      | Reached XP level 2. HP: 22/22 MP: 0/5
   328 | D:1      | Reached skill level 1 in Fighting
   861 | D:1      | Reached XP level 3. HP: 28/28 MP: 0/6
  1453 | D:2      | Reached XP level 4. HP: 35/36 MP: 3/7
  2085 | D:2      | Found a shimmering altar of Xom.
  2155 | D:2      | Found a shattered altar of Ashenzari.
  2326 | D:2      | Found a hazy altar of Hepliaklqana.
  2336 | D:2      | Became a worshipper of Hepliaklqana the Forgotten
  2433 | D:2      | Found a basalt altar of Yredelemnul.
  2635 | D:3      | Reached XP level 5. HP: 24/37 MP: 0/9
  3071 | D:3      | Reached * piety under Hepliaklqana
  3397 | D:3      | Found a bloodstained altar of Trog.
  3731 | D:4      | Found a snail-covered altar of Cheibriados.
  3756 | D:4      | Reached skill level 5 in Conjurations
  3942 | D:4      | Noticed Robin
  3949 | D:4      | Reached XP level 6. HP: 40/45 MP: 1/10
  3969 | D:4      | Killed Robin
  4096 | D:4      | Found a shadowy altar of Dithmenos.
  4273 | D:4      | Noticed Natasha
  4282 | D:4      | Killed Natasha
  4417 | D:4      | Noticed Natasha
  4421 | D:4      | Killed Natasha
  4474 | D:4      | Found a deep blue altar of Sif Muna.
  4491 | D:4      | Found Xosov's Magic Scroll Shop.
  4499 | D:4      | Bought a scroll of remove curse for 33 gold pieces
  4499 | D:4      | Bought a scroll of fear for 38 gold pieces
  4499 | D:4      | Bought a scroll of amnesia for 38 gold pieces
  4499 | D:4      | Bought a scroll of identify for 22 gold pieces
  4499 | D:4      | Bought a scroll of immolation for 38 gold pieces
  4587 | D:4      | Noticed Natasha
  4595 | D:4      | Killed Natasha
  4595 | D:4      | Your scales start taking on a dull iron-grey colour.
  4595 | D:4      | Reached XP level 7. HP: 44/52 MP: 2/12
  4595 | D:4      | Gained mutation: You can survive without breathing. [Grey
                  | Draconian growth]
  4905 | D:4      | Identified Sif Muna's Papyrus of Enchantment
  4942 | D:4      | Reached ** piety under Hepliaklqana
  5146 | D:4      | Found a runed translucent gate.
  5147 | D:4      | Found a runed translucent gate.
  5148 | D:4      | Found a runed translucent gate.
  5149 | D:4      | Noticed fleurdelille's ghost (amateur HOMo)
  5150 | D:4      | Noticed lepoulpe303's ghost (amateur DrTm)
  5288 | D:5      | Entered Level 5 of the Dungeon
  5296 | D:5      | Noticed Duvessa
  5299 | D:5      | Noticed Dowan
  5299 | D:5      | Noticed Ijyb
  5323 | D:5      | Splashed by Ijyb's acid

Skill      XL: |  1  2  3  4  5 |
---------------+----------------+-----
Dodging        | 2 3 |  3.8
Fighting       | 1 2 3 |  3.9
Spellcasting   | 3 |  3.9
Conjurations   | 5 |  5.5
Stealth        | |  1.7

Action                   |  1- 3 |  4- 6 |  7- 9 || total
-------------------------+-------+-------+-------++-------
Melee: Unarmed           |    18 |    36 |       ||    54
       Tailslap          |     2 |     8 |       ||    10
 Cast: Magic Dart        |    87 |   216 |    37 ||   340
  Eat: Chunk             |     3 |     9 |     2 ||    14
Armor: Skin              |    11 |    26 |     4 ||    41
Dodge: Dodged            |    19 |    45 |     8 ||    72
